 Dungeon Crawl Stone Soup version 0.17-a0-1373-g64d4c99 (webtiles) character file.

13968 Kidiri the Covert (level 12, 0/68 HPs)
             Began as a Kobold Enchanter on June 13, 2015.
             Was a Priest of Dithmenos.
             Slain by a wolf (10 damage)
             ... on level 2 of the Lair of Beasts.
             The game lasted 01:18:30 (13855 turns).

Kidiri the Covert (Kobold Enchanter)               Turns: 13855, Time: 01:18:30

Health: 0/68       AC:  8    Str:  6    XL:     12   Next: 39%
Magic:  10/31      EV: 26    Int: 17    God:    Dithmenos [***...]
Gold:   561        SH:  0    Dex: 13    Spells: 8 memorised, 1 level left

rFire  + . .     SeeInvis .     D - +2 short sword (drain)
rCold  + . .     Clarity  .     q - +1 robe {rC+ rF+}
rNeg   . . .     SustAt   .     (shield restricted)
rPois  .         Gourm    .     l - +1 helmet
rElec  .         Spirit   .     v - +0 cloak
rCorr  .         Warding  .     J - +0 pair of gloves "Plog" {+Inv MR++ MP+9 Dex-5}
rMut   .         Rnd*Tele +     s - +0 pair of boots
MR     ++...                    (no amulet)
Stlth  +++++++...               b - ring of teleportation
                                i - +6 ring of evasion

@: about to teleport, very slightly contaminated, wreathed by umbra, very
resistant to hostile enchantments, extremely stealthy
A: carnivore 3
a: Shadow Step, Renounce Religion, Evoke Invisibility, Evoke Teleportation


You were on level 2 of the Lair of Beasts.
You worshipped Dithmenos.
Dithmenos was most pleased with you.
You were not hungry.

You visited 3 branches of the dungeon, and saw 12 of its levels.

You collected 561 gold pieces.

Inventory:

Hand weapons
 h - a +1 dagger of freezing
 D - a +2 short sword of draining (weapon)
Armour
 l - a +1 helmet (worn)
 q - a +1 robe of resistance (worn)
 s - a +0 pair of boots (worn)
 v - a +0 cloak (worn)
 y - a +0 pair of gloves
 H - a +0 troll leather armour
 J - the +0 pair of gloves "Plog" (worn) {+Inv MR++ MP+9 Dex-5}
   (You acquired it on level 2 of the Lair of Beasts)

   It affects your dexterity (-5).
   It affects your resistance to hostile enchantments.
   It affects your magic capacity (+9).
   It lets you turn invisible.
Jewellery
 b - a ring of teleportation (right hand)
 i - a +6 ring of evasion (left hand)
 m - an uncursed ring of magical power
 o - an uncursed ring of protection from cold
 z - an uncursed ring of sustain attributes
 A - an uncursed ring of stealth
Magical devices
 x - a wand of cold (6)
 F - a wand of enslavement (19)
Scrolls
 e - 3 scrolls of noise
 f - a scroll of fear
 w - 3 scrolls of magic mapping
 B - a scroll of amnesia
 C - 5 scrolls of remove curse
Potions
 g - 7 potions of curing
 j - a potion of magic
 k - 3 potions of lignification
 n - 2 potions of resistance
 p - 5 potions of flight
 u - a potion of berserk rage
Books
 c - a book of Maledictions

   Spells                             Type                      Level
   a - Corona                         Hexes                        1
   b - Ensorcelled Hibernation        Hexes/Ice                    2
   c - Confuse                        Hexes                        3
   d - Tukima's Dance                 Hexes                        3
   e - Dazzling Spray                 Conjuration/Hexes            3
 t - a book of Party Tricks

   Spells                             Type                      Level
   a - Summon Butterflies             Summoning                    1
   b - Apportation                    Translocation                1
   c - Tukima's Dance                 Hexes                        3
   d - Alistair's Intoxication        Transmutation/Poison         4
   e - Invisibility                   Hexes                        6
 G - a book of Unlife

   Spells                             Type                      Level
   a - Recall                         Summoning/Translocation      3
   b - Animate Dead                   Necromancy                   4
   c - Control Undead                 Necromancy                   4
   d - Cigotuvi's Embrace             Necromancy                   5
   e - Death Channel                  Necromancy                   6
   f - Simulacrum                     Ice/Necromancy               6
 I - a book of Enchantments

   Spells                             Type                      Level
   a - Cause Fear                     Hexes                        4
   b - Silence                        Hexes/Air                    5
   c - Deflect Missiles               Charms/Air                   6
   d - Haste                          Charms                       6
   e - Discord                        Hexes                        8
Miscellaneous
 a - a plain deck of summoning {the Illusion}
Comestibles
 d - 6 meat rations
 r - 3 beef jerkies
 E - 2 slices of pizza


   Skills:
 + Level 5.5 Fighting
 * Level 9.2 Short Blades
 + Level 3.6 Armour
 * Level 9.2 Dodging
 * Level 10.5 Stealth
 * Level 6.8 Spellcasting
 + Level 4.3 Conjurations
 + Level 5.5 Hexes
 + Level 2.0 Summonings
 + Level 2.6 Necromancy
 + Level 2.6 Translocations
 + Level 4.3 Ice Magic
 + Level 3.4 Invocations
 + Level 5.5 Evocations


You had one spell level left.
You knew the following spells:

 Your Spells              Type           Power        Failure   Level  Hunger
a - Corona                Hex            ###....      1%          1    None
b - Ensorcelled Hibernat  Hex/Ice        ###...       2%          2    None
c - Confuse               Hex            ###.....     4%          3    ##.....
d - Tukima's Dance        Hex            ###.....     4%          3    ##.....
e - Dazzling Spray        Conj/Hex       ###.....     6%          3    ##.....
f - Recall                Summ/Tloc      N/A          14%         3    ##.....
g - Animate Dead          Necr           N/A          45%         4    ####...
h - Cause Fear            Hex            ###.......   14%         4    ####...


Dungeon Overview and Level Annotations

Branches:
Dungeon (9/15)             Temple (1/1) D:6            Lair (2/8) D:9
    Orc: D:9-12

Altars:
Ashenzari
Cheibriados
Dithmenos
Elyvilon
Fedhas
Gozag
Kikubaaqudgha
Makhleb
Nemelex Xobeh
Okawaru
Qazlal
Ru
Sif Muna
Trog
Vehumet
Xom
Yredelemnul
Zin
The Shining One

Shops:
D:9 !


Innate Abilities, Weirdness & Mutations

You are small and have problems with some larger weapons.
You are carnivorous and can eat meat at any time.


Message History

Put on which piece of jewellery? (? for menu, Esc to quit)
You're wearing all the rings you can.
Remove which one? (? for menu, Esc to cancel) < or
i - a +6 ring of evasion; > or
A - a ring of stealth You remove your ring of stealth.
The wolf misses you. The wolf misses you.
The wolf bites you but does no damage.
You feel slightly jumpy.
b - a ring of teleportation (right hand)
The wolf misses you. The wolf bites you!
* * * LOW HITPOINT WARNING * * *
The wolf completely misses you.
Drink which item? (? for menu, Esc to quit)
Okay, then.
Unknown command.
Use which ability? (? or * to list)
You feel strangely unstable.
You feel somewhat more hungry. The wolf completely misses you.
The wolf bites you.
* * * LOW HITPOINT WARNING * * *
The wolf completely misses you. The wolf bites you!
You die...

....#P.##.#......#######
...#...#+.#....##....## .#
....#.....##.....#....P. ..
#..#.......#....P#...... ..
##...+.....##.....#....P. #.
#....#.....##.....#....#. #.
#...####..+##...........# ####.
##.....h##.##h......#..##
##P.P.###.....hh@.........P.P.###
..............hh.................
##.###..##.###)#####.#.####.##..#
####### ### ##### ### ###


You could see 6 wolves.

Vanquished Creatures
  Gastronok (D:8)
  A hydra (D:9)
  Urug (Lair:2)
  A hill giant (D:9)
  Pikel (D:5)
  Joseph (D:8)
  4 spiny frogs
  A troll (D:9)
  Grinder (D:6)
  4 blink frogs (Lair:1)
  13 yaks
  A hippogriff (Lair:1)
  8 wolves
  2 water moccasins (Lair:2)
  3 orc warriors
  Duvessa (D:5)
  3 porcupines (Lair:2)
  A necrophage (D:9)
  3 phantoms
  An ice beast (D:8)
  7 ogres
  A centaur (D:6)
  2 crocodiles (Lair:2)
  7 giant frogs
  2 scorpions (D:4)
  Dowan (D:5)
  A wyvern skeleton (D:9)
  A water moccasin skeleton (D:8)
  2 electric eels (D:9)
  2 crimson imps
  A centaur zombie (D:9)
  A quasit (D:9)
  8 hounds
  2 giant frog skeletons
  3 orc priests
  A centaur skeleton (D:5)
  A jelly (D:7)
  13 orc wizards
  Crazy Yiuf (D:5)
  4 iguanas
  4 worker ants
  A hound skeleton (D:9)
  Robin (D:2)
  5 adders
  4 gnolls (D:4)
  31 river rats
  A shadow imp (D:8)
  2 adder zombies (D:5)
  2 adder skeletons
  6 worms
  36 orcs
  3 bat zombies
  7 giant cockroaches
  21 hobgoblins
  5 jackals
  13 kobolds
  A quokka (D:6)
  2 ball pythons
  18 bats
  A giant gecko (D:4)
  5 giant newts
  18 goblins
  A quokka skeleton (D:5)
  10 rats
  A rat zombie (D:7)
312 creatures vanquished.

Vanquished Creatures (others)
  An orc (D:5)
1 creature vanquished.

Grand Total: 313 creatures vanquished

Notes
Turn   | Place    | Note
--------------------------------------------------------------
     0 | D:1      | Kidiri the Kobold Enchanter began the quest for the Orb.
     0 | D:1      | Reached XP level 1. HP: 10/10 MP: 3/3
    23 | D:1      | Found a shattered altar of Ashenzari.
   274 | D:1      | Reached XP level 2. HP: 15/15 MP: 3/5
   278 | D:1      | Learned a level 2 spell: Ensorcelled Hibernation
  1268 | D:2      | Found a shimmering altar of Xom.
  1268 | D:2      | Noticed Robin
  1575 | D:2      | Reached XP level 3. HP: 20/20 MP: 0/6
  1580 | D:2      | Learned a level 3 spell: Confuse
  1907 | D:2      | Killed Robin
  2390 | D:2      | Reached XP level 4. HP: 24/24 MP: 4/7
  2833 | D:3      | Reached XP level 5. HP: 28/28 MP: 6/8
  3074 | D:3      | Found a faded altar to an unknown god.
  3104 | D:3      | Reached skill level 1 in Fighting
  3377 | D:4      | Found a burning altar of Makhleb.
  3529 | D:4      | Noticed an ogre
  3532 | D:4      | Killed an ogre
  3532 | D:4      | Reached skill level 5 in Stealth
  3532 | D:4      | Reached skill level 1 in Ice Magic
  3532 | D:4      | Reached skill level 1 in Evocations
  3532 | D:4      | Reached XP level 6. HP: 33/35 MP: 9/9
  3571 | D:4      | Noticed a phantom
  3687 | D:4      | Killed a phantom
  3687 | D:4      | Reached XP level 7. HP: 13/40 MP: 2/11
  3692 | D:4      | Learned a level 3 spell: Tukima's Dance
  3968 | D:4      | Found a sparkling altar of Nemelex Xobeh.
  4158 | D:4      | Found a shattered altar of Ashenzari.
  4158 | D:4      | Found a radiant altar of Vehumet.
  4788 | D:5      | Entered Level 5 of the Dungeon
  4788 | D:5      | Noticed Duvessa
  4788 | D:5      | Noticed Dowan
  4843 | D:5      | Reached skill level 1 in Armour
  4883 | D:5      | Learned a level 3 spell: Dazzling Spray
  4960 | D:5      | Reached skill level 5 in Dodging
  5171 | D:5      | Found a snail-covered altar of Cheibriados.
  5220 | D:5      | Killed Dowan
  5283 | D:5      | Killed Duvessa
  5283 | D:5      | Reached skill level 6 in Stealth
  5283 | D:5      | Reached XP level 8. HP: 43/45 MP: 1/13
  5437 | D:5      | Noticed Pikel
  5910 | D:5      | Noticed Crazy Yiuf
  5943 | D:5      | Killed Crazy Yiuf
  6012 | D:5      | Found a sparkling altar of Nemelex Xobeh.
  6018 | D:5      | Killed Pikel
  6018 | D:5      | Reached skill level 5 in Short Blades
  6018 | D:5      | Reached skill level 7 in Stealth
  6018 | D:5      | Reached skill level 1 in Conjurations
  6018 | D:5      | Reached XP level 9. HP: 49/49 MP: 11/15
  6180 | D:5      | Found a glowing silver altar of Zin.
  6778 | D:6      | Found a blossoming altar of Fedhas.
  6887 | D:6      | Noticed Grinder
  6893 | D:6      | Killed Grinder
  6977 | D:6      | Found a deep blue altar of Sif Muna.
  7091 | D:6      | Found a staircase to the Ecumenical Temple.
  7102 | Temple   | Entered the Ecumenical Temple
  7273 | Temple   | Became a worshipper of Dithmenos the Shadowed
  7576 | D:7      | Found an ancient bone altar of Kikubaaqudgha.
  7677 | D:7      | Found a glowing golden altar of the Shining One.
  7903 | D:7      | Reached skill level 5 in Spellcasting
  8222 | D:8      | Reached XP level 10. HP: 50/56 MP: 14/17
  8512 | D:8      | Noticed Joseph
  8519 | D:8      | Killed Joseph
  8519 | D:8      | Reached skill level 8 in Stealth
  8519 | D:8      | Reached skill level 1 in Invocations
  8883 | D:8      | Noticed Gastronok
  8907 | D:8      | Killed Gastronok
  9342 | D:9      | Found a staircase to the Lair.
  9380 | D:9      | Reached skill level 9 in Stealth
  9439 | D:9      | Learned a level 3 spell: Recall
  9444 | D:9      | Learned a level 4 spell: Animate Dead
  9543 | D:9      | Reached XP level 11. HP: 45/62 MP: 14/20
  9683 | D:9      | Reached skill level 5 in Hexes
  9689 | D:9      | Reached skill level 1 in Necromancy
  9689 | D:9      | Reached skill level 1 in Translocations
  9798 | D:9      | Noticed an eight-headed hydra
 10274 | D:9      | Acquired Dithmenos's first power
 10572 | D:9      | Noticed a hill giant
 10575 | D:9      | Killed a hill giant
 10610 | D:9      | Found Qiaburph's Distillery.
 10707 | D:9      | Killed an eight-headed hydra
 10707 | D:9      | Reached skill level 5 in Evocations
 11184 | D:9      | Reached skill level 5 in Fighting
 11529 | Lair:1   | Entered Level 1 of the Lair of Beasts
 12250 | Lair:1   | Reached skill level 1 in Summonings
 12302 | Lair:1   | Acquired Dithmenos's second power
 12313 | Lair:1   | Reached XP level 12. HP: 6/68 MP: 3/21
 12318 | Lair:1   | Reached skill level 10 in Stealth
 13011 | Lair:2   | Learned a level 4 spell: Cause Fear
 13055 | Lair:2   | Noticed Urug
 13068 | Lair:2   | Killed Urug
 13786 | Lair:2   | Identified a scroll of acquirement
 13787 | Lair:2   | Got a pair of crude gloves
 13798 | Lair:2   | Identified the +0 pair of gloves "Plog" {+Inv MR++ MP+9 Dex-5} (You acquired it on level 2 of the Lair of Beasts)
 13855 | Lair:2   | Slain by a wolf

Vault maps used:
D:1:      elethiomel_arrival_quiet, roderic_lattice_a, minmay_misc_feat_square,
          roderic_serpentine_path, nicolae_ashenzari_panopticon
D:2:      lemuel_crystal_altar, uniq_robin
D:3:      ecumenical_altar_1, first_bread
D:4:      lemuel_round_altar, minitemple, kennysheep_diamond, nemelex_deck
D:5:      overflow_temple_1_default, kennysheep_little_box, serial_corexii_hall,
          corexii_hall_statues_x, corexii_hall_statues_i,
          corexii_hall_statues_u, lemuel_tele_altar, uniq_crazy_yiuf_cottage,
          uniq_duvessa, uniq_pikel
D:6:      lemuel_crystal_altar, minmay_temple_entry_enclosed_plants,
          led_sif_book, uniq_grinder
D:7:      old_standard_altar, lemuel_zombie_altar_kikubaaqudgha
D:8:      uniq_joseph, uniq_gastronok
D:9:      erik_lair_island, serial_shops, shop
Temple:   roderic_octagonal_lattice_temple
Lair:1:   infiniplex_staircase_pool_2
Lair:2:   uniq_urug

Action                   |  1- 3 |  4- 6 |  7- 9 | 10-12 || total
-------------------------+-------+-------+-------+-------++-------
Melee: Dagger            |   100 |   107 |   249 |       ||   456
       Short sword       |       |       |    81 |   527 ||   608
Throw: Throwing net      |       |       |     1 |       ||     1
 Cast: Corona            |     8 |     3 |       |       ||    11
       Ensorcelled Hiber |    20 |    16 |    31 |    56 ||   123
       Confuse           |       |     2 |     7 |     8 ||    17
       Dazzling Spray    |       |       |     1 |    19 ||    20
 Abil: Evoke Teleportati |       |       |       |     1 ||     1
       Evoke Invisibilit |       |       |       |     1 ||     1
Evoke: Wand              |       |       |       |     4 ||     4
  Use: Scroll            |    11 |     3 |     5 |    11 ||    30
       Potion            |     1 |     5 |     2 |     3 ||    11
 Stab: Sleeping          |    21 |    18 |    51 |    70 ||   160
       Distracted        |     1 |       |     1 |       ||     2
       Confused          |       |       |     4 |     2 ||     6
       Invisible         |       |       |       |     4 ||     4
  Eat: Chunk             |    15 |     3 |    20 |    14 ||    52
